 Dungeon Crawl Stone Soup version 0.31-a0-851-g7ff8af7976 (webtiles) character file.

Game seed: 3486552649110178121

11 Kurtz the Sneak (level 2, 0/24 HPs)
             Began as a Mummy Delver on Oct 6, 2023.
             Slain by a bullfrog (5 damage)
             ... on level 5 of the Dungeon.
             The game lasted 00:00:07 (125 turns).

Kurtz the Sneak (Mummy Delver)                       Turns: 125, Time: 00:00:08

Health: 0/24       AC:  3    Str: 15    XL:     2   Next: 13%
Magic:  2/2        EV: 11    Int:  9    God:
Gold:   0          SH:  0    Dex: 13    Spells: 1/1 levels left

rFire   x . .        a - +0 hand axe
rCold   + . .        (no shield)
rNeg    + + +        b - +0 leather armour
rPois   ∞            (no helmet)
rElec   .            (no cloak)
rCorr   .            (no gloves)
SInv    .            (no boots)
Will    .....        (no amulet)
Stlth   ++           (no ring)
HPRegen 0.24/turn    (no ring)
MPRegen 0.08/turn

%: faith
@: no status effects
A: cold resistance 1, negative energy resistance 3, torment resistance 2, heat
vulnerability 1, in touch with death 1, no potions, faith
a: no special abilities


You were on level 5 of the Dungeon.
You visited 1 branch of the dungeon, and saw 1 of its levels.

Inventory:

Hand Weapons
 a - a +0 hand axe (weapon)
Armour
 b - a +0 leather armour (worn)
Wands
 f - a wand of digging (3)
Scrolls
 c - a scroll of fog
 d - a scroll of revelation
 e - a scroll of fear


   Skills:
 - Level 3.0 Fighting
 * Level 2.3 Axes
 - Level 1.5 Dodging
 - Level 4.1 Stealth


You had one spell level left.
You didn't know any spells.
Your spell library was empty.

Dungeon Overview and Level Annotations

Branches:
Dungeon (5/15)
 Temple: D:4-7

Altars:

Shops:
D:5 ?


Innate Abilities, Weirdness & Mutations

You are immune to poison.
Your flesh is cold resistant. (rC+)
You are immune to negative energy. (rN+++)
You are immune to unholy pain and torment.
You are vulnerable to heat. (rF-)
You are in touch with the powers of death.
You do not drink.
You have a special connection with the divine. (Faith)


Message History

The adder is severely wounded.
The adder barely misses you. The adder bites you.
An adder is nearby!
You barely miss the adder.
The adder is severely wounded.
The adder barely misses you.
You hit the adder.
You kill the adder!
Your Axes skill increases to level 2!
You have reached level 2!
No target in view!
No target in view!
Unknown command.
Found an amethyst potion.
No target in view!
An adder comes into view.
An adder is nearby!
A bullfrog comes into view.
The adder hisses angrily.
There are monsters nearby!
There are monsters nearby!
The helpless bullfrog fails to defend itself.
You hit the bullfrog.
The bullfrog is lightly wounded.
The bullfrog hits you! The bullfrog hits you.
There are monsters nearby!
You closely miss the bullfrog.
The bullfrog is lightly wounded.
You closely miss the adder. The bullfrog hits you.
The adder completely misses you.
The bullfrog hits you but does no damage.
The adder bites you.
* * * LOW HITPOINT WARNING * * *
You are too injured to fight recklessly!
You are too injured to fight recklessly!
Unknown command.
You are too injured to fight recklessly!
You are too injured to fight recklessly!
You miss the adder. You hit the bullfrog. The bullfrog hits you.
You die...

#.##.!#.#
#.##..#.#
#.##..#.#
#.....#.#
#..##.#.###.##
#..##........#
#.#####.######
###.# #.#
#@S.# #.#
#.F.#.# #.#
#.###.# #.#
... #S#####.#
...# #.##....#
##.....
#.##.#### ####
#..##. ..##.#
...# #.###
.##.# ...#
#... #.#


You could see a bullfrog and an adder.

Vanquished Creatures
  An adder (D:5)
  An orc (D:5)
2 creatures vanquished.

Notes
Turn   | Place    | Note
-------+----------+-------------------------------------------
     0 | D:5      | Kurtz the Mummy Delver began the quest for the Orb.
     0 | D:5      | Reached XP level 1. HP: 18/18 MP: 1/1
    11 | D:5      | Found Tyakhasi's Magic Scroll Emporium.
    85 | D:5      | Reached XP level 2. HP: 21/24 MP: 2/2
   120 | D:5      | Noticed a bullfrog
   125 | D:5      | Slain by a bullfrog

Illustrated notes

Levels and vault maps discovered:
D:5:      layout_basic, serial_shops, shop, saegor_snake_ambush

Skill      XL: |  1 |
---------------+----+-----
Axes           | 2 |  2.3
Fighting       | |  3.0
Dodging        | |  1.5
Stealth        | |  4.1

Action                     || total
---------------------------++-------
  Melee: Hand axe          ||    16
         Punch             ||     1
   Stab: Sleeping          ||     1
 Armour: Leather armour    ||    12
  Dodge: Dodged            ||    10

Table legend: (Time is in decaauts)
 A = Elapsed time spent in this place.
 B = Non-inter-level travel time spent in this place.
 C = Inter-level travel time spent in this place.
 D = Time resting spent in this place.
 E = Time spent auto-exploring this place.
 F = Levels seen in this place.
 G = Mean time per level.
                   A        B        C        D        E       F      G
               +--------+--------+--------+--------+--------+-----+--------+
         Total |    128 |    128 |      0 |      0 |     97 |   1 |  128.0 |
       Dungeon |    128 |    128 |      0 |      0 |     97 |   1 |  128.0 |
               +--------+--------+--------+--------+--------+-----+--------+

Top non-repeatable levels by time:
     D:5: 128 daAuts
